Map: Site Delta LE

Players

Dark - Winner!

  • Race: Zerg Zerg
  • Spawn Location: 11:00

LiquidClem (Clem)

  • Race: Terran Terran
  • League: Grandmaster
  • Spawn Location: 5:00

VOD

Have the link to the VOD?

Description

Time

  • Played on: Oct. 30, 2023, 10:30 p.m.
  • Length: 26:14
Show
View Real Time Build Order
Export as new Build Order

Dark Zerg - Winner!

Build Orders: Hatch First 

Get SALT Encoding   

  12  0:00  Drone  
  13  0:12  Overlord  
  13  0:17  Drone  
  14  0:31  Drone x2  
  16  0:48  Hatchery  
  15  0:52  Drone  
  15  0:55  Drone  
  17  0:58  Drone  
  18  1:09  Extractor  
  17  1:13  Spawning Pool  
  17  1:16  Drone  
  17  1:20  Drone  
  18  1:28  Drone  
  19  1:40  Drone  
  20  1:50  Drone  
  21  2:00  Queen x2  
  26  2:01  Zergling x4  
  27  2:09  Metabolic Boost  
  27  2:13  Overlord  
  27  2:15  Drone  
  28  2:30  Spore Crawler  
  28  2:32  Hatchery  
  27  2:38  Queen  
  27  2:40  Drone  
  32  2:44  Drone x2  
  32  2:51  Overlord  
  32  2:54  Drone  
  32  2:57  Drone  
  35  2:58  Drone  
  35  3:01  Drone  
  36  3:08  Queen  
  36  3:11  Drone x2  
  40  3:20  Drone x3  
  40  3:22  Drone  
  44  3:28  Overlord  
  44  3:30  Overlord  
  44  3:35  Overlord  
  44  3:43  Queen  
  44  3:47  Zergling x6  
  49  3:48  Drone x3  
  49  3:52  Drone x2  
  49  3:55  Drone  
  54  3:56  Drone x2  
  54  4:02  Queen  
  57  4:06  Drone x3  
  57  4:09  Zergling x2  
  61  4:19  Drone x2  
  61  4:20  Drone  
  64  4:26  Queen  
  64  4:28  Drone x3  
  64  4:29  Spore Crawler  
  64  4:30  Spore Crawler  
  67  4:32  Drone x2  
  67  4:33  Drone  
  67  4:38  Drone x2  
  72  4:39  Drone  
  72  4:40  Lair  
  73  4:48  Baneling Nest  
  73  4:51  Extractor  
  73  4:52  Zergling x4  
  73  4:55  Extractor  
  73  4:59  Drone  
  73  5:01  Overlord  
  73  5:02  Overlord x2  
  73  5:05  Extractor  
  73  5:06  Overlord  
  73  5:07  Evolution Chamber x2  
  71  5:08  Overlord  
  71  5:09  Drone  
  71  5:10  Drone x2  
  71  5:11  Overlord  
  71  5:13  Overlord  
  73  5:21  Drone x2  
  75  5:24  Drone  
  75  5:25  Drone x2  
  75  5:27  Spore Crawler  
  77  5:30  Drone  
  77  5:33  Zerg Melee Weapons Level 1  
  78  5:36  Drone x4  
  78  5:38  Extractor  
  78  5:39  Hatchery  
  78  5:40  Drone  
  78  5:42  Overseer  
  81  5:43  Drone x2  
  81  5:47  Drone x2  
  81  5:49  Drone  
  87  5:58  Drone x2  
  87  5:59  Hatchery  
  87  6:02  Drone x3  
  87  6:03  Drone  
  89  6:07  Centrifugal Hooks  
  89  6:08  Zerg Ground Armor Level 1  
  89  6:09  Hatchery  
  88  6:12  Hydralisk Den  
  88  6:14  Extractor, Drone x2  
  88  6:15  Drone  
  89  6:20  Overlord  
  89  6:27  Drone x3  
  92  6:34  Zergling x2  
  92  6:36  Zergling x8  
  92  6:38  Zergling x2  
  92  6:39  Zergling x6  
  101  6:42  Zergling x2  
  101  6:45  Baneling  
  101  6:46  Baneling x7  
  102  6:47  Zergling x6  
  102  6:50  Grooved Spines  
  102  6:53  Zergling x4  
  107  7:00  Zergling x2  
  107  7:01  Zergling x4  
  110  7:08  Hydralisk x5  
  110  7:09  Hydralisk x2  
  121  7:17  Drone x2  
  121  7:18  Drone x3  
  121  7:20  Spore Crawler  
  121  7:21  Infestation Pit  
  124  7:23  Zergling x6  
  124  7:27  Drone x2  
  124  7:28  Pneumatized Carapace  
  124  7:29  Extractor  
  128  7:30  Drone  
  128  7:34  Zergling x6  
  128  7:36  Zerg Melee Weapons Level 2  
  132  7:38  Zergling x12  
  132  7:40  Muscular Augments  
  136  7:49  Drone  
  136  7:50  Drone  
  136  7:51  Zergling x12  
  144  7:54  Baneling  
  144  7:55  Hatchery  
  144  7:57  Zergling x2, Baneling x6  
  144  7:58  Zergling x6  
  124  8:06  Zergling x20  
  124  8:09  Hydralisk  
  135  8:15  Zergling x2  
  135  8:16  Zergling x10  
  141  8:21  Zergling x10  
  141  8:22  Overseer x2  
  141  8:25  Hive  
  145  8:28  Zergling x6  
  145  8:30  Zergling x4  
  150  8:35  Overlord x3  
  150  8:37  Baneling x4  
  150  8:38  Hydralisk, Baneling x2  
  150  8:40  Overlord x2  
  149  8:45  Zergling x2  
  149  8:48  Overlord x2  
  142  8:53  Zergling x14  
  146  8:58  Zergling x8  
  146  9:02  Zerg Ground Armor Level 2  
  149  9:11  Drone x6  
  149  9:12  Drone  
  142  9:25  Zergling x20  
  142  9:28  Hatchery  
  142  9:30  Zergling x6  
  153  9:37  Zergling x14  
  149  9:41  Hydralisk  
  149  9:42  Hydralisk x3  
  149  9:44  Drone  
  149  9:45  Zergling x4  
  160  9:50  Adrenal Glands  
  160  9:54  Baneling x8  
  160  9:55  Baneling  
  160  9:57  Viper x2  
  160  9:59  Viper  
  155  10:12  Zergling x26  
  168  10:15  Drone x2, Spore Crawler  
  168  10:19  Zerg Melee Weapons Level 3  
  169  10:22  Zergling x4  
  169  10:23  Zergling x6  
  169  10:25  Zergling x6  
  169  10:26  Zergling x2  
  178  10:36  Zergling x28  
  192  10:44  Zergling x16  
  200  10:50  Burrow  
  200  10:54  Zergling x2  
  196  10:58  Zergling x4  
  196  10:59  Zergling x4  
  196  11:01  Baneling x9  
  200  11:05  Baneling x3  
  200  11:20  Hatchery  
  180  11:26  Zergling x18  
  180  11:27  Zergling x24  
  198  11:35  Hydralisk  
  195  11:47  Baneling x2  
  189  11:58  Zerg Missile Weapons Level 1  
  189  12:00  Zergling x20  
  194  12:03  Zergling x2  
  184  12:09  Zergling x22  
  184  12:10  Overseer  
  184  12:11  Overseer x2  
  187  12:16  Zergling x4  
  187  12:18  Zergling x20  
  187  12:19  Zergling x2, Overlord x2  
  187  12:20  Baneling x8  
  196  12:29  Hatchery  
  192  12:32  Zergling x10  
  192  12:34  Baneling x6  
  196  12:38  Baneling x10  
  196  12:44  Baneling x6  
  196  12:48  Hatchery  
  194  12:55  Zergling x6  
  195  13:05  Zergling x22  
  193  13:09  Zergling x2  
  193  13:10  Zergling x16  
  195  13:24  Zergling x6  
  197  13:31  Zergling x12  
  193  13:37  Zergling x6  
  193  13:39  Zergling x4  
  180  13:42  Zergling x16  
  180  13:44  Hydralisk x3  
  185  13:50  Hydralisk  
  185  13:51  Hydralisk  
  185  13:52  Baneling x3  
  185  13:53  Hydralisk, Baneling x3  
  185  13:54  Hydralisk x3  
  173  13:57  Zergling x2  
  173  13:58  Zergling x4  
  173  13:59  Baneling x4  
  173  14:00  Baneling x24  
  173  14:01  Zergling x2  
  169  14:06  Zergling x10  
  160  14:10  Zergling x2  
  151  14:18  Zergling x10  
  151  14:23  Hydralisk  
  154  14:26  Zergling x14  
  154  14:31  Drone  
  157  14:34  Drone  
  157  14:35  Drone x3  
  157  14:36  Drone x3  
  157  14:37  Drone  
  165  14:44  Viper x2  
  165  14:45  Zergling x6  
  171  14:51  Zergling x8, Evolution Chamber  
  171  14:52  Evolution Chamber  
  172  14:54  Zergling x8  
  172  14:56  Baneling x2  
  172  14:59  Spore Crawler  
  175  15:01  Zergling x14  
  175  15:04  Zergling x2  
  175  15:06  Spore Crawler  
  182  15:09  Zergling x6  
  183  15:17  Zergling x10  
  183  15:21  Zerg Ground Armor Level 3, Zerg Missile Weapons Level 2  
  186  15:25  Extractor x2  
  186  15:26  Zergling x2  
  183  15:32  Hatchery  
  180  15:40  Zergling x32  
  171  15:53  Zergling x26  
  171  15:56  Baneling x2  
  180  15:58  Zergling x4  
  168  16:06  Zergling x14  
  168  16:08  Infestor  
  167  16:21  Infestor x2  
  167  16:22  Baneling x4  
  167  16:23  Baneling x4  
  169  16:29  Zergling x10  
  169  16:30  Zergling x14  
  169  16:31  Baneling x9  
  169  16:32  Hydralisk  
  181  16:35  Zergling x12  
  181  16:38  Zergling x4  
  181  16:39  Neural Parasite  
  189  16:41  Zergling x2  
  173  16:47  Zergling x2  
  173  16:48  Zergling x12  
  178  16:54  Zergling x2  
  178  17:01  Overlord x2  
  154  17:02  Zergling x12  
  154  17:03  Overseer x4  
  154  17:04  Overseer  
  154  17:07  Infestor x3  
  154  17:08  Zergling x6  
  163  17:12  Hydralisk  
  163  17:13  Hydralisk x2  
  163  17:14  Zergling x2  
  168  17:20  Zergling x2, Drone x5  
  168  17:21  Zergling x2  
  168  17:22  Hydralisk x2  
  175  17:24  Zergling x2  
  175  17:26  Infestor x3  
  180  17:31  Zergling x12, Drone  
  184  17:46  Zergling x14, Baneling x18  
  184  17:47  Baneling x2  
  186  18:04  Zergling x6  
  179  18:11  Zergling x18  
  180  18:14  Infestor  
  180  18:19  Zergling x24  
  183  18:24  Zergling x12  
  172  18:30  Hydralisk x2  
  149  18:37  Zergling x12  
  153  18:43  Infestor x2  
  150  18:53  Infestor  
  150  18:55  Zergling x12  
  158  18:59  Drone x3  
  158  19:02  Drone x2  
  163  19:06  Drone x4  
  164  19:12  Drone, Baneling x8  
  164  19:14  Drone  
  166  19:19  Drone x4  
  167  19:31  Drone x3  
  167  19:37  Viper x6  
  178  19:45  Overlord  
  178  19:46  Zergling x2, Overlord  
  178  19:47  Zergling x4  
  180  19:58  Spore Crawler  
  177  20:04  Lurker Den  
  177  20:06  Extractor  
  174  20:08  Zergling x14, Extractor x2  
  179  20:15  Hatchery  
  178  20:23  Baneling x4  
  178  20:24  Baneling  
  178  20:25  Zergling x34  
  195  20:32  Zergling x8  
  199  20:39  Zerg Missile Weapons Level 3, Infestor  
  199  20:49  Drone  
  200  21:00  Infestor  
  200  21:02  Hatchery  
  182  21:20  Zergling x24  
  182  21:21  Zergling x18, Infestor  
  182  21:25  Seismic Spines  
  189  21:32  Hatchery  
  189  21:33  Zergling x14  
  189  21:39  Infestor  
  188  21:42  Zergling x2  
  188  21:45  Lurker x2  
  191  21:51  Baneling x19  
  169  22:03  Zergling x26  
  178  22:10  Zergling x14  
  183  22:22  Adaptive Talons  
  162  22:24  Zergling x14  
  162  22:28  Zergling x2  
  162  22:29  Zergling x12  
  170  22:33  Baneling x9  
  170  22:34  Baneling x2  
  159  22:42  Zergling x14  
  157  22:49  Zergling x8  
  161  22:54  Lurker x6  
  161  22:55  Lurker  
  168  23:04  Overseer x2  
  168  23:06  Drone x7  
  175  23:14  Spore Crawler  
  175  23:15  Spore Crawler  
  175  23:17  Zergling x14  
  172  23:27  Zergling x8  
  172  23:31  Zergling x4  
  167  23:39  Zergling x22  
  159  23:52  Zergling x18  
  159  23:54  Overseer  
  150  23:55  Overseer  
  150  23:59  Zergling x10  
  148  24:05  Hydralisk x2  
  141  24:10  Overseer  
  141  24:14  Hydralisk x3  
  134  24:24  Hydralisk x3  
  136  24:38  Drone x3  
  136  24:39  Drone x2  
  131  25:05  Hydralisk x3  
  134  25:08  Baneling x4  
  132  25:15  Hatchery  
  128  25:25  Zergling x6  
  124  25:36  Hydralisk x2  
  128  25:45  Hydralisk x2  
Show
View Real Time Build Order
Export as new Build Order

LiquidClem Terran 

Build Orders: Reaper Expand, Hellion Banshee 

Get SALT Encoding   

  12  0:00  SCV  
  13  0:12  SCV  
  14  0:16  Supply Depot  
  14  0:24  SCV  
  15  0:38  SCV  
  15  0:40  Barracks  
  16  0:43  Refinery  
  16  0:50  SCV  
  17  1:02  SCV  
  18  1:15  SCV  
  19  1:27  Orbital Command, Reaper  
  20  1:39  Command Center  
  20  1:46  Supply Depot  
  20  1:53  SCV  
  21  1:59  Marine  
  22  2:05  SCV  
  23  2:10  Factory  
  23  2:17  SCV  
  23  2:21  Barracks Reactor  
  24  2:29  SCV  
  25  2:40  Command Center  
  25  2:41  SCV  
  26  2:52  Orbital Command  
  26  2:53  SCV  
  26  2:58  Starport  
  27  3:03  Refinery  
  27  3:07  SCV  
  27  3:10  Hellion  
  30  3:15  Hellion  
  30  3:18  SCV  
  30  3:19  SCV  
  34  3:24  Barracks Tech Lab  
  34  3:30  SCV  
  34  3:31  Hellion, SCV  
  38  3:37  Hellion  
  40  3:42  SCV  
  40  3:43  SCV  
  40  3:45  Banshee  
  45  3:55  SCV x2  
  46  3:57  Hellion, Cloaking Field  
  46  4:02  Orbital Command  
  48  4:06  Barracks Tech Lab  
  48  4:07  Hellion, SCV  
  51  4:11  SCV, Supply Depot  
  52  4:19  SCV  
  53  4:24  Marine  
  53  4:28  Banshee  
  57  4:33  SCV x2  
  57  4:34  SCV  
  57  4:37  Barracks  
  60  4:39  Barracks, Supply Depot  
  60  4:41  Factory Reactor  
  60  4:44  Marine  
  60  4:45  SCV  
  62  4:46  Refinery  
  62  4:47  SCV  
  62  4:48  SCV  
  62  4:50  Refinery  
  64  4:54  Stimpack  
  64  4:57  SCV  
  64  4:59  SCV  
  66  5:02  Marine, Supply Depot  
  66  5:04  Engineering Bay x2  
  66  5:06  Orbital Command  
  67  5:09  SCV  
  67  5:11  SCV  
  69  5:22  Marine, SCV  
  69  5:24  Barracks, SCV  
  69  5:25  Barracks  
  69  5:26  Starport Reactor, Supply Depot  
  69  5:28  Factory Reactor, Marine x2  
  72  5:34  Terran Infantry Weapons Level 1, Terran Infantry Armor Level 1, SCV  
  75  5:35  SCV  
  75  5:37  SCV  
  75  5:40  Marine x3  
  80  5:46  SCV, Supply Depot  
  80  5:47  Marine  
  80  5:48  SCV  
  80  5:49  Marine  
  84  5:50  SCV  
  85  5:58  SCV, Marine  
  85  5:59  Supply Depot  
  85  6:00  Marine, SCV  
  85  6:01  Marine  
  85  6:02  SCV  
  91  6:08  Supply Depot  
  91  6:09  Medivac  
  91  6:10  SCV, Medivac  
  91  6:11  Widow Mine  
  98  6:15  Supply Depot  
  98  6:16  Barracks Reactor x2  
  98  6:18  Widow Mine  
  100  6:20  SCV  
  100  6:21  SCV  
  100  6:23  Factory  
  100  6:25  SCV  
  103  6:29  Armory  
  103  6:30  Marine x2  
  103  6:32  SCV  
  106  6:33  SCV  
  106  6:35  Marine, Supply Depot  
  106  6:36  Widow Mine  
  106  6:37  Marine x2  
  112  6:42  SCV  
  112  6:45  Widow Mine  
  112  6:46  SCV  
  116  6:48  Marine x2, Supply Depot, Refinery  
  116  6:50  Medivac  
  116  6:51  Medivac  
  116  6:53  Marine x2  
  124  6:58  Marine x2  
  124  7:00  Marine, Widow Mine  
  130  7:01  Supply Depot  
  130  7:03  Combat Shield  
  130  7:04  SCV  
  130  7:05  SCV x2  
  132  7:08  Marine  
  132  7:09  Marine  
  132  7:14  Widow Mine, Marine  
  134  7:16  SCV, Marine x2  
  134  7:17  Supply Depot  
  134  7:18  Marine  
  134  7:19  Marine x3  
  134  7:22  Medivac, Drilling Claws  
  141  7:23  Widow Mine  
  141  7:26  Marine  
  141  7:27  Marine  
  147  7:32  Marine  
  147  7:33  Command Center  
  147  7:34  Marine  
  147  7:36  Supply Depot  
  149  7:39  Hellion, Marine  
  149  7:40  Supply Depot  
  152  7:45  Medivac  
  152  7:46  Widow Mine, Marine  
  157  7:58  Widow Mine, Marine x5  
  164  7:59  Marine  
  164  8:01  Marine  
  164  8:02  Widow Mine  
  164  8:05  Marine  
  153  8:08  Medivac  
  153  8:10  Widow Mine  
  150  8:15  Marine x5, Medivac  
  150  8:16  Marine  
  150  8:19  Terran Infantry Armor Level 2  
  153  8:20  Widow Mine  
  153  8:22  Barracks  
  153  8:23  Barracks, Terran Infantry Weapons Level 2  
  153  8:24  Barracks  
  151  8:28  Widow Mine  
  151  8:29  Marine  
  151  8:30  Marine x2  
  151  8:33  Marine  
  157  8:36  Supply Depot  
  157  8:40  Widow Mine  
  159  8:46  Marine  
  159  8:47  Marine  
  159  8:48  Marine  
  162  8:49  Marine  
  162  8:52  Widow Mine, Marine x3  
  162  8:53  Medivac x2  
  171  8:57  SCV  
  171  8:58  Sensor Tower, SCV  
  171  8:59  Refinery  
  171  9:02  Marine  
  171  9:03  Widow Mine  
  171  9:05  Terran Vehicle And Ship Armor Level 1  
  171  9:07  Marine  
  171  9:08  SCV, Widow Mine  
  171  9:09  Marine x2  
  174  9:10  SCV  
  174  9:13  Widow Mine  
  175  9:18  Barracks Tech Lab  
  175  9:23  Barracks Tech Lab  
  153  9:25  Marine  
  153  9:26  Widow Mine, Marine  
  153  9:27  Marine  
  153  9:28  Marine  
  153  9:29  Widow Mine  
  160  9:32  Marine  
  160  9:33  Marine  
  160  9:35  Widow Mine  
  160  9:37  Marine  
  160  9:38  Barracks Tech Lab, Marauder, Marine  
  162  9:39  Marine  
  162  9:41  Planetary Fortress  
  162  9:43  Marine x2  
  162  9:44  SCV x3  
  160  9:47  Widow Mine  
  160  9:48  Command Center, Marine x2  
  160  9:50  Widow Mine  
  166  9:53  Sensor Tower  
  166  9:54  Marine  
  166  9:55  Marine  
  166  9:56  Widow Mine, SCV  
  166  9:57  Liberator x2  
  177  10:02  Marauder  
  177  10:03  Supply Depot  
  159  10:07  Marine x2  
  159  10:08  Marine x4  
  159  10:09  Marauder x2  
  159  10:10  Widow Mine, Marine  
  159  10:12  Marine  
  169  10:14  Widow Mine  
  169  10:21  SCV, Refinery  
  172  10:22  Refinery  
  172  10:24  Widow Mine, Ghost Academy  
  172  10:27  Marauder  
  176  10:31  SCV  
  176  10:33  Command Center  
  176  10:34  Missile Turret, SCV  
  176  10:35  Marauder, Marine  
  182  10:36  Marauder  
  183  10:46  SCV  
  186  10:50  Missile Turret, Widow Mine x2  
  186  10:51  Widow Mine  
  186  10:54  Ghost  
  186  10:55  Ghost  
  186  10:56  Ghost x2  
  194  10:59  Terran Infantry Weapons Level 3, Marine x2  
  194  11:00  Marine x2  
  194  11:01  Marine  
  194  11:03  Marine  
  200  11:13  Command Center  
  196  11:27  Widow Mine  
  196  11:36  Ghost, Widow Mine  
  196  11:37  Planetary Fortress  
  200  11:49  Command Center  
  200  11:51  Ghost, Command Center  
  194  11:54  Medivac x2  
  186  12:02  Widow Mine  
  186  12:03  Marine  
  186  12:05  Marine x2  
  186  12:08  Marauder x2, Widow Mine, Marine x4  
  198  12:11  Orbital Command  
  198  12:14  Terran Infantry Armor Level 3  
  198  12:15  Marauder  
  196  12:22  Widow Mine  
  198  12:24  Medivac  
  198  12:28  Orbital Command  
  198  12:33  Widow Mine  
  198  12:34  Marauder, Widow Mine  
  198  12:36  Terran Vehicle And Ship Armor Level 2  
  200  12:40  Sensor Tower, Refinery  
  200  12:41  Refinery  
  200  12:42  Missile Turret  
  195  13:02  Widow Mine  
  195  13:03  Marauder, Marine  
  182  13:06  SCV x2  
  182  13:09  Marine  
  182  13:10  Orbital Command, Marauder x2, Marine x3  
  182  13:11  Orbital Command, Widow Mine, Marine x2  
  190  13:15  Cyclone, Marine  
  190  13:19  Liberator  
  189  13:21  Marine  
  189  13:23  Personal Cloaking  
  189  13:24  SCV  
  189  13:25  Marauder  
  192  13:27  Widow Mine  
  192  13:29  Medivac  
  192  13:30  Ghost  
  192  13:31  Marauder  
  192  13:32  Widow Mine  
  187  13:34  Marine  
  187  13:35  Marine x2  
  171  13:41  Marine  
  171  13:46  Marauder, SCV  
  171  13:47  Marine, Widow Mine  
  164  13:49  Widow Mine  
  164  13:50  Marine  
  164  13:53  Marine, Marauder  
  164  13:54  Widow Mine  
  159  13:59  Medivac, SCV  
  159  14:00  Marauder  
  159  14:02  Medivac  
  164  14:07  Marauder  
  164  14:08  Widow Mine  
  158  14:10  Widow Mine  
  158  14:14  Marauder  
  158  14:15  Widow Mine  
  156  14:20  Ghost  
  156  14:21  Marine x2  
  156  14:22  Marine x2  
  155  14:26  Marine x2  
  155  14:29  Medivac  
  155  14:30  Orbital Command, Widow Mine  
  161  14:32  Medivac, Widow Mine  
  161  14:37  SCV  
  161  14:38  SCV x3  
  169  14:41  Supply Depot  
  169  14:42  Supply Depot  
  169  14:43  Marauder, SCV  
  169  14:50  Marauder, SCV  
  166  14:52  SCV  
  166  14:57  SCV  
  166  14:59  Medivac  
  169  15:02  Liberator  
  169  15:03  Marine x2  
  169  15:04  SCV  
  169  15:05  Supply Depot, Marauder  
  169  15:06  SCV, Marine x2  
  180  15:08  Marine  
  180  15:11  Supply Depot  
  181  15:20  Marauder  
  180  15:25  Ghost  
  180  15:26  SCV x2, Marine x3  
  180  15:27  Marine  
  188  15:29  Liberator  
  188  15:31  SCV  
  192  15:41  Ghost  
  187  15:45  Liberator, Widow Mine  
  167  15:51  Widow Mine  
  167  15:52  Marine  
  167  15:53  Marine x2  
  167  15:54  Ghost  
  167  15:56  Planetary Fortress  
  166  15:59  SCV  
  166  16:00  SCV  
  161  16:06  SCV  
  161  16:09  Ghost  
  162  16:12  Liberator, Widow Mine  
  162  16:16  Marine  
  160  16:19  Widow Mine, Marine x2  
  160  16:20  SCV  
  160  16:22  Ghost  
  167  16:28  Marine x3  
  166  16:38  Supply Depot  
  166  16:39  Supply Depot, Marauder  
  168  16:41  SCV  
  168  16:43  Widow Mine  
  168  16:45  SCV  
  170  16:51  Marauder  
  170  16:53  Widow Mine  
  164  16:56  Marine  
  164  16:59  Ghost, Widow Mine  
  155  17:01  Marine x2  
  155  17:02  Marine  
  155  17:05  Widow Mine  
  155  17:06  Marine  
  161  17:09  Liberator  
  161  17:11  SCV x2  
  161  17:12  Orbital Command, Ghost  
  161  17:14  SCV  
  169  17:17  SCV  
  169  17:22  SCV x2  
  172  17:23  SCV  
  172  17:28  Ghost, Missile Turret  
  179  17:30  Widow Mine x2  
  179  17:36  Liberator  
  182  17:38  Marine x3  
  182  17:39  Barracks Reactor, Barracks Tech Lab x2  
  182  17:41  Marauder  
  182  17:42  Widow Mine  
  189  17:49  Sensor Tower  
  191  17:51  Widow Mine  
  191  17:52  Widow Mine  
  191  17:54  Supply Depot  
  191  17:55  Supply Depot  
  191  17:56  Marine x3  
  191  17:57  Marauder  
  189  18:03  Marauder  
  182  18:11  Marauder, Widow Mine  
  182  18:12  Marauder  
  170  18:14  Marine x3  
  170  18:19  Marauder  
  169  18:21  Medivac  
  169  18:22  Marine, Widow Mine  
  169  18:24  Marauder  
  169  18:26  Marine  
  161  18:29  Widow Mine  
  161  18:31  Marine x2  
  161  18:33  Marauder, Medivac  
  148  18:36  Marine  
  148  18:37  Supply Depot, Marauder  
  148  18:39  Supply Depot  
  148  18:40  Marauder, Marine  
  146  18:41  Widow Mine  
  146  18:44  Marine  
  146  18:46  Widow Mine, Marauder  
  148  18:49  Marine x2  
  148  18:54  Marine x2  
  146  18:58  Marine x2  
  146  19:01  Marauder  
  146  19:02  Marine  
  151  19:06  SCV  
  151  19:07  Marine x2, Marauder, SCV  
  151  19:08  SCV  
  151  19:09  SCV  
  154  19:12  Marauder, Marine  
  154  19:16  Marauder  
  161  19:17  Widow Mine, Marine, SCV  
  161  19:19  Marine  
  161  19:22  SCV  
  161  19:23  Marauder  
  166  19:25  Marine x2  
  166  19:27  Medivac  
  166  19:28  Marauder  
  166  19:30  Marine  
  159  19:31  SCV  
  159  19:33  Marauder, SCV  
  159  19:35  Marine  
  159  19:36  SCV  
  159  19:37  Marine  
  165  19:41  Medivac  
  165  19:43  SCV  
  167  19:48  Widow Mine, Marine  
  167  19:51  Marine x2  
  172  19:59  Orbital Command, SCV  
  173  20:01  Widow Mine  
  173  20:02  Ghost  
  175  20:08  Widow Mine  
  175  20:10  Widow Mine  
  175  20:11  Medivac  
  182  20:14  SCV  
  182  20:23  Marauder  
  182  20:26  Medivac  
  182  20:28  SCV x3  
  188  20:29  SCV x2  
  188  20:30  SCV  
  188  20:34  Missile Turret  
  192  20:38  Refinery x2  
  192  20:48  Widow Mine x2  
  196  20:50  Command Center  
  196  20:51  SCV x2  
  196  20:53  SCV  
  199  21:08  Ghost  
  200  21:13  Terran Vehicle And Ship Armor Level 3  
  200  21:14  Hi-Sec Auto Tracking, Neosteel Armor  
  196  21:19  Ghost  
  196  21:20  Medivac  
  196  21:22  Marine x5, Widow Mine  
  196  21:23  Marine x2  
  188  21:37  Marine  
  188  21:38  Widow Mine  
  183  21:40  Marine x3  
  183  21:41  Marauder  
  188  21:47  Supply Depot  
  188  21:52  Supply Depot  
  188  21:57  Widow Mine  
  188  22:00  Marauder, Marine  
  191  22:07  Widow Mine  
  182  22:09  Liberator  
  182  22:11  Widow Mine  
  182  22:13  Liberator  
  190  22:21  Marine  
  162  22:24  Marine x5  
  158  22:30  Widow Mine  
  158  22:31  Marauder  
  158  22:33  Marine, Marauder  
  158  22:35  SCV x4  
  165  22:37  Widow Mine  
  165  22:38  SCV  
  165  22:39  Marine  
  165  22:42  Marine x2  
  165  22:43  Marauder  
  160  22:45  Marine x2  
  160  22:46  Widow Mine  
  160  22:48  SCV  
  160  22:51  Marine  
  159  22:52  Planetary Fortress, Liberator, Widow Mine, Marine  
  159  22:53  SCV  
  159  22:54  Marine  
  159  22:56  Medivac  
  159  22:57  Marine  
  171  22:59  Marine  
  171  23:00  Marine  
  171  23:04  Marauder  
  171  23:05  Marine  
  176  23:09  Missile Turret, Marauder  
  176  23:10  Marauder  
  176  23:12  SCV  
  181  23:13  SCV x2  
  181  23:16  Widow Mine x2  
  181  23:17  SCV  
  197  23:20  Orbital Command  
  186  23:23  Ghost  
  186  23:25  Ghost  
  186  23:26  Marine x2  
  174  23:32  Marine  
  164  23:36  Marine  
  164  23:39  Marine x2  
  155  23:53  Marauder  
  155  23:54  Marine  
  147  24:08  Starport  
  147  24:09  Barracks x2  
  128  24:10  Ghost Academy  
  128  24:13  Barracks  
  111  24:21  Missile Turret  
  111  24:24  Refinery  
  107  24:32  Command Center  
  107  24:35  Command Center  
  103  24:48  Supply Depot  
  103  24:49  Supply Depot x2  
  103  24:50  Supply Depot  
  103  24:51  Supply Depot  
  99  24:52  Starport Reactor  
  99  24:53  Refinery  
  99  24:56  Supply Depot  
  99  24:57  Barracks Tech Lab  
  99  24:59  Barracks Reactor  
  99  25:00  Barracks  
  99  25:02  Barracks Tech Lab  
  90  25:18  Ghost  
  85  25:26  Marine  
  73  25:40  Marine x2  
  68  25:44  Marine  
  68  25:48  Marine  
Tags
 
Add a new tag
Caveats
  • Supply blocks, unpowered buildings, or Contaminate may cause inaccurate times.
  • Supply counts are checked every 10 seconds.